 Seeded DCSS version 0.29-a0-362-g5854e031c7 (webtiles) character file.

Game seed: 16159354105524068321 (custom seed)

131418 zeratav the Crack Shot (level 17, -6/106 HPs)
             Began as a Tengu Hunter on Apr 29, 2022.
             Was the Champion of Fedhas.
             Mangled by a spark wasp (12 damage)
             ... on level 4 of the Spider Nest.
             The game lasted 01:46:32 (33292 turns).

zeratav the Crack Shot (Tengu Hunter)              Turns: 33292, Time: 01:46:32

Health: -6/106     AC: 13    Str: 13    XL:     17   Next: 10%
Magic:  26/29      EV: 27    Int: 10    God:    Fedhas [******]
Gold:   2464       SH:  0    Dex: 28    Spells: 16/16 levels left

rFire   + . .      SeeInvis .   q - +4 longbow (vorpal) {bow}
rCold   . . .      Faith    .   (shield currently unavailable)
rNeg    . . .      Spirit   .   R - +0 acid dragon scales
rPois   +          Reflect  .   y - +2 hat {Will+}
rElec   .          Harm     .   Q - +2 cloak
rCorr   +          Rampage  .   b - +1 pair of gloves of Kindness {rF+ Dex+4}
Will    ++...                   (boots unavailable)
Stlth   ++........              (no amulet)
HPRegen 0.27/turn               g - ring of poison resistance
MPRegen 0.21/turn               i - +4 ring of slaying

@: flying quickly and evasively, quick
A: beak, talons 3, nimble flight
a: Renounce Religion, Wall of Briars, Grow Ballistomycete, Overgrow, Grow Oklob


You were on level 4 of the Spider Nest.
You worshipped Fedhas.
Fedhas was exalted by your worship.
You visited 5 branches of the dungeon, and saw 24 of its levels.
You also visited: Ossuary and Gauntlet.

You collected 2591 gold pieces.
You spent 127 gold pieces at shops.


Innate Abilities, Weirdness & Mutations

You have a beak for a mouth.
You have claws for feet.
Your magical nature lets you fly swiftly and evasively.


   Skills:
 - Level 12.0 Fighting
 - Level 22.0 Bows
 - Level 12.0 Dodging
 - Level 1.0 Stealth
 - Level 15.0 Invocations
 + Level 3.2 Evocations


You had 16 spell levels left.
You didn't know any spells.
Your spell library contained the following spells:

 Spells                   Type           Power      Damage    Failure   Level
 Animate Skeleton         Necr           0%         N/A       50%         1
 Magic Dart               Conj           0%         1d3       50%         1
 Pain                     Necr           0%         1d4       50%         1
 Sandblast                Erth           0%         2d4       50%         1
 Blink                    Tloc           0%         N/A       63%         2
 Call Imp                 Summ           0%         N/A       63%         2
 Corpse Rot               Necr/Air       0%         N/A       63%         2
 Passwall                 Tmut/Erth      0%         N/A       63%         2
 Poisonous Vapours        Pois/Air       0%         N/A       63%         2
 Lesser Beckoning         Tloc           0%         N/A       86%         3
 Mephitic Cloud           Conj/Pois/Air  0%         N/A       86%         3
 Stone Arrow              Conj/Erth      0%         3d7       86%         3
 Vampiric Draining        Necr           0%         2d6       86%         3
 Animate Dead             Necr           0%         N/A       99%         4
 Fulminant Prism          Conj/Hex       0%         3d6       99%         4
 Iskenderun's Mystic Bla  Conj/Tloc      0%         2d3       99%         4
 Summon Lightning Spire   Summ/Air       0%         N/A       99%         4
 Freezing Cloud           Conj/Ice/Air   0%         6-21      100%        5
 Lee's Rapid Deconstruct  Erth           0%         3d5*      100%        5
 Manifold Assault         Tloc           0%         N/A       100%        5
 Simulacrum               Ice/Necr       0%         N/A       100%        6
 Haunt                    Necr/Summ      0%         N/A       100%        7
 Storm Form               Tmut/Air       0%         N/A       100%        7
 Infestation              Necr           0%         N/A       100%        8
 Maxwell's Capacitive Co  Air            0%         ∞         100%        8
 Polar Vortex             Ice            0%         N/A       100%        9

Inventory:

Hand Weapons
 q - a +4 vorpal longbow (weapon) {bow}
   (You acquired it on level 2 of the Dungeon)
 s - a +2 eveningstar of holy wrath {macerare=g}
   (You took it off Louise on level 4 of the Spider Nest)
Armour
 b - the +1 pair of gloves of Kindness (worn) {rF+ Dex+4}
   (You acquired it on level 5 of the Lair of Beasts)

   Dex:       It affects your dexterity (+4).
   rF:        It protects you from fire.
 o - a +0 leather armour
   (You took it off a meliai on level 4 of the Spider Nest)
 v - a +0 leather armour
   (You took it off a meliai on level 4 of the Spider Nest)
 y - a +2 hat of willpower (worn)
   (You took it off Gastronok on level 2 of the Lair of Beasts)
 I - a +0 robe
   (You took it off a meliai on level 4 of the Spider Nest)
 Q - a +2 cloak (worn)
   (You took it off Maurice on level 11 of the Dungeon)
 R - +0 acid dragon scales (worn)
   (You found it on level 11 of the Dungeon)
Jewellery
 g - a ring of poison resistance (left hand)
   (You found it on level 1 of the Dungeon)
 i - a +4 ring of slaying (right hand)
   (You found it on level 1 of the Dungeon)
 W - a +4 ring of slaying
   (You took it off an orc wizard on level 11 of the Dungeon)
 X - a +6 ring of dexterity
   (You found it on level 6 of the Dungeon)
 Z - the ring "Fyici" {Will+ AC+4}
   (You took it off a minotaur in a Gauntlet)

   [ring of protection]

   AC:        It affects your AC (+4).
   Will:      It increases your willpower.
Wands
 h - a wand of polymorph (16)
   (You found it on level 8 of the Dungeon)
 t - a wand of digging (8)
   (You found it on level 2 of the Lair of Beasts)
 B - a wand of acid (8)
   (You found it on level 3 of the Dungeon)
 E - a wand of iceblast (34)
   (You found it on level 5 of the Dungeon)
 K - a wand of flame (56)
   (You found it on level 3 of the Lair of Beasts)
 M - a wand of mindburst (33)
   (You found it on level 4 of the Dungeon)
 O - a wand of paralysis (14)
   (You took it off a spriggan on level 5 of the Lair of Beasts)
Scrolls
 a - a scroll of brand weapon
 c - 4 scrolls of immolation {!r!r}
 k - 4 scrolls of fear
 l - a scroll of blinking {!r}
 m - 11 scrolls of magic mapping {!r}
 p - 9 scrolls of amnesia
 u - 3 scrolls of holy word
 x - 13 scrolls of teleportation {@r4}
 z - 3 scrolls of vulnerability {!r!r}
 A - 3 scrolls of fog
 C - a scroll of silence {!r}
 L - a scroll of identify {@r1}
 N - a scroll of summoning
 V - 3 scrolls of enchant armour
Potions
 d - 5 potions of might
 e - 2 potions of haste {@q3}
 f - 3 potions of curing {@q1}
 j - a potion of cancellation
 n - 2 potions of ambrosia
 r - a potion of heal wounds {@q2}
 D - 4 potions of mutation {!q}
 F - 5 potions of brilliance
 G - 5 potions of invisibility
 H - 5 potions of resistance
 J - a potion of magic
 P - 4 potions of attraction {!q}
 S - a potion of lignification {!q}
Miscellaneous
 w - a phantom mirror
   (You found it on level 6 of the Lair of Beasts)
 T - a box of beasts
   (You found it on level 2 of the Spider Nest)

Dungeon Overview and Level Annotations

Branches:
Dungeon (11/15)            Temple (1/1) D:5            Lair (6/6) D:8
 Shoals (0/4) Lair:3       Spider (4/4) Lair:3        Slime (0/5) Lair:6
    Orc (2/2) D:11            Elf (0/3) Orc:2       Ossuary (visited)
Gauntlet (visited)

Altars:
Ashenzari
Cheibriados
Dithmenos
Elyvilon
Fedhas
Gozag
Hepliaklqana
Kikubaaqudgha
Makhleb
Nemelex Xobeh
Okawaru
Qazlal
Ru
Sif Muna
Trog
Uskayaw
Vehumet
Wu Jian
Xom
Yredelemnul
Zin
The Shining One
Beogh

Shops:
D:9 [   D:10 ?   Orc:1 *   Orc:2 ![(=:

Annotations:
D:5 Grinder

##################
#..................
≈....P.............
≈≈...#..@.....#≈...
≈≈.....y#≈≈≈≈≈....
≈..#...≈≈≈≈≈≈≈†^..
################≈≈≈≈####
#.............###≈≈##
#.8..8..8..8.# #≈≈#
#............# #≈≈##
#.8..8..8..8.###†≈##
##.......y...sZ#≈≈≈≈##


You could see a spark wasp (ally target) and a friendly ballistomycete
(summoned).


Message History

Press: ? - help, Q - select action, (/) - cycle Shift-Dir - straight line, f/p - redback
Aim: a redback (severely wounded, 76% to hit)
You shoot an arrow. The arrow hits the redback!!
You kill the redback!
Fedhas appreciates your contribution to the ecosystem.
Your Evocations skill increases to level 3!
HP[+1] MP[+1]
Your mp is fully restored (29).
You start resting.
A steelbarb worm comes into view.
HP[+4]
You regained 4 hp, and now have 59/106 hp.
Shoot: q) +4 longbow (vorpal) {bow}
Press: ? - help, Q - select action, (/) - cycle Shift-Dir - straight line, f - steelbarb worm
Aim: a steelbarb worm (wandering, hasn't noticed you, 85% to hit)
You shoot an arrow.
The arrow hits the steelbarb worm but does no damage.
Shoot: q) +4 longbow (vorpal) {bow}
Press: ? - help, Q - select action, (/) - cycle Shift-Dir - straight line, f/p - steelbarb worm
Aim: a steelbarb worm (85% to hit)
You shoot an arrow. The arrow hits the steelbarb worm!
Shoot: q) +4 longbow (vorpal) {bow}
Press: ? - help, Q - select action, (/) - cycle Shift-Dir - straight line, f/p - steelbarb worm
Aim: a steelbarb worm (lightly wounded, 85% to hit)
You shoot an arrow. The arrow hits the steelbarb worm!
Shoot: q) +4 longbow (vorpal) {bow}
Press: ? - help, Q - select action, (/) - cycle Shift-Dir - straight line, f/p - steelbarb worm
Aim: a steelbarb worm (moderately wounded, 85% to hit)
You shoot an arrow.
The arrow barely misses the steelbarb worm.
HP[+1] Shoot: q) +4 longbow (vorpal) {bow}
Press: ? - help, Q - select action, (/) - cycle Shift-Dir - straight line, f/p - steelbarb worm
Aim: a steelbarb worm (moderately wounded, 85% to hit)
You shoot an arrow. The arrow hits the steelbarb worm!!
Shoot: q) +4 longbow (vorpal) {bow}
Press: ? - help, Q - select action, (/) - cycle Shift-Dir - straight line, f/p - steelbarb worm
Aim: a steelbarb worm (heavily wounded, 85% to hit)
You shoot an arrow. The arrow hits the steelbarb worm.
You hear an angry buzzing noise.
Shoot: q) +4 longbow (vorpal) {bow}
Press: ? - help, Q - select action, (/) - cycle Shift-Dir - straight line, f/p - steelbarb worm
Aim: a steelbarb worm (severely wounded, 85% to hit)
You shoot an arrow. The arrow hits the steelbarb worm.
Shoot: q) +4 longbow (vorpal) {bow}
Press: ? - help, Q - select action, (/) - cycle Shift-Dir - straight line, f/p - steelbarb worm
Aim: a steelbarb worm (severely wounded, 85% to hit)
You shoot an arrow.
The arrow barely misses the steelbarb worm.
Shoot: q) +4 longbow (vorpal) {bow}
Press: ? - help, Q - select action, (/) - cycle Shift-Dir - straight line, f/p - steelbarb worm
Aim: a steelbarb worm (severely wounded, 85% to hit)
You shoot an arrow. The arrow hits the steelbarb worm!!
You kill the steelbarb worm!
Fedhas appreciates your contribution to the ecosystem.
HP[+1]
Aiming: Grow Ballistomycete (0% risk of failure)
Press: ? - help, Dir - move target A ballistomycete grows from the ground.
The spark wasp closely misses you. The spark wasp stings you!
* * * LOW HITPOINT WARNING * * *
The spark wasp shocks you!
* * * LOW HITPOINT WARNING * * *
HP[-28] MP[-4]
You take 28 damage, and now have 33/106 hp.
MASSIVE DAMAGE!! (PAUSE)
You lost 4 mp, and now have 25/29 mp.
You see here 21 gold pieces.
Shoot: q) +4 longbow (vorpal) {bow}
Press: ? - help, Q - select action, (/) - cycle Shift-Dir - straight line, f - spark wasp
Aim: a spark wasp (lightly wounded, ally target, 72% to hit)
You shoot an arrow.
The arrow closely misses the spark wasp.
The spark wasp barely misses you.
HP[+1] Shoot: q) +4 longbow (vorpal) {bow}
Press: ? - help, Q - select action, (/) - cycle Shift-Dir - straight line, f/p - spark wasp
Aim: a spark wasp (lightly wounded, ally target, 72% to hit)
You shoot an arrow. The arrow hits the spark wasp.
The spark wasp completely misses you.
Shoot: q) +4 longbow (vorpal) {bow}
Press: ? - help, Q - select action, (/) - cycle Shift-Dir - straight line, f/p - spark wasp
Aim: a spark wasp (lightly wounded, ally target, 72% to hit)
You shoot an arrow. The arrow hits the spark wasp.
The spark wasp misses you. The spark wasp completely misses you.
Shoot: q) +4 longbow (vorpal) {bow}
Press: ? - help, Q - select action, (/) - cycle Shift-Dir - straight line, f/p - spark wasp
Aim: a spark wasp (moderately wounded, ally target, 72% to hit)
You shoot an arrow. The arrow hits the spark wasp!!
The spark wasp stings you.
* * * LOW HITPOINT WARNING * * *
The spark wasp shocks you!
* * * LOW HITPOINT WARNING * * *
HP[-18] MP[+1]
You take 18 damage, and now have 16/106 hp.
You feel much better. The spark wasp stings you!!
* * * LOW HITPOINT WARNING * * *
The spark wasp shocks you!
You die...
Fedhas appreciates your contribution to the ecosystem.

Skill      XL: |  1  2  3  4  5  6  7  8  9 10 11 12 13 14 15 16 17 |
---------------+----------------------------------------------------+-----
Bows           | 5 6 7 8 10 12 15 16 19 22 | 22.0
Dodging        | 6 8 12 | 12.0
Fighting       | 5 8 10 12 | 12.0
Invocations    | 6 10 14 15 | 15.0
Evocations     | 3 |  3.2
Stealth        | |  1.0

Action                   |  1- 3 |  4- 6 |  7- 9 | 10-12 | 13-15 | 16-18 || total
-------------------------+-------+-------+-------+-------+-------+-------++-------
Melee: Longbow           |       |       |       |       |       |     1 ||     1
 Fire: Shortbow          |    50 |       |       |       |       |       ||    50
       Longbow           |     1 |   114 |   195 |   304 |  1203 |   531 ||  2348
Invok: Wall of Briars    |       |       |       |     3 |     7 |     5 ||    15
       Grow Ballistomyce |       |       |       |       |     6 |     3 ||     9
       Overgrow          |       |       |       |       |     1 |       ||     1
Evoke: Phantom mirror    |       |       |       |       |     1 |       ||     1
  Use: Scroll            |     1 |       |    16 |     1 |    12 |     9 ||    39
       Potion            |       |       |       |       |     4 |    10 ||    14
Armor: Leather armour    |     2 |     4 |     9 |     7 |       |       ||    22
       Steam dragon scal |       |       |       |     3 |    27 |       ||    30
       Acid dragon scale |       |       |       |       |    29 |    71 ||   100
Dodge: Dodged            |    11 |    16 |    40 |    66 |   483 |   370 ||   986

Levels and vault maps discovered:
D:1:      lightli_arrival_maybe_door_vault, layout_basic,
          chequers_ecumenical_altar_simple_redux
D:2:      layout_basic, grunt_ministairs_13, roderic_nine_men_s_morris,
          uniq_terence
D:3:      layout_loops_ring, item_on_display_a
D:4:      layout_gridville, gup_ossuary_entry_pyramid
D:5:      layout_rooms, mainiacjoe_overflow_catwalk,
          minmay_temple_entry_gardened_gates, uniq_grinder
D:6:      layout_loops_ring
D:7:      layout_cave_pools, nicolae_overflow_quartered_altars,
          skrybe_limestone_x
D:8:      layout_basic, lair_entry_dummy, serial_glass, glass_columns_a,
          glass_columns_b, glass_columns_a, glass_columns_a, glass_columns_b,
          glass_columns_a
D:9:      layout_stronghold, mainiacjoe_overflow_paths, minmay_shop_chei,
          hive_lemuel
D:10:     layout_cave_pools, serial_shops, shop_statue, chequers_arboretum,
          uniq_amaemon
D:11:     layout_roguey, hiddenorc1_lemuel, gauntlet_entry_generic,
          grunt_decor_resistance, minmay_misc_feat_nine_boxes,
          chequers_serial_rivers_large_a, grunt_decor_arrowhead,
          nicolae_elevator_lobby_plus, uniq_maurice
Temple:   eino_temple_scatter_basement
Lair:1:   layout_long_grid
Lair:2:   layout_layer_cave, beast_lair_carwin_10, lemuel_fruit_tree,
          infiniplex_staircase_pool, serial_bayou_shore_b, uniq_gastronok,
          uniq_harold
Lair:3:   layout_chaotic_city, minmay_shoals_entry_centaurs,
          nicolae_spider_entry_orb_guardian
Lair:4:   layout_loops_ring, grunt_megastairs_4, uniq_urug
Lair:5:   pond_and_an_island_with_a_cottage, layout_regular_city,
          beast_lair_carwin_1
Lair:6:   minmay_lair_end_enchanted_forest, layout_cave_pods, slime_dummy,
          grunt_megastairs_1
Spider:1: layout_spider_delve, spiders_nest_hornet_nest
Spider:2: layout_chambers
Spider:3: layout_spider_delve, uniq_azrael
Spider:4: floodkiller_spider_rune_tomb, special_room, nicolae_spider_shape,
          uniq_louise, uniq_aizul, uniq_mara
Orc:1:    layout_caves, ebering_ghost_reflecting_pool, serial_shops,
          nicolae_shop_crystal, minmay_orc_temple_c, uniq_sonja
Orc:2:    st_orc_elflike, layout_diamond_mine, serial_shops,
          nicolae_shop_waterfront, nicolae_orc_rockfall

Notes
Turn   | Place    | Note
-------+----------+-------------------------------------------
     0 | D:1      | zeratav the Tengu Hunter began the quest for the Orb.
     0 | D:1      | Reached XP level 1. HP: 12/12 MP: 2/2
     0 | D:1      | magus.rc [v1.9.6]
   157 | D:1      | Found a faded altar of an unknown god.
   181 | D:1      | Reached XP level 2. HP: 16/17 MP: 3/3
   315 | D:1      | Reached skill level 5 in Bows
   791 | D:1      | Reached XP level 3. HP: 21/21 MP: 4/4
   962 | D:2      | Noticed Terence
   965 | D:2      | Killed Terence
   971 | D:2      | Reached skill level 6 in Bows
  1015 | D:2      | Identified a scroll of acquirement
  1015 | D:2      | Acquired a +3 vorpal longbow
  1062 | D:2      | Reached XP level 4. HP: 26/26 MP: 5/5
  1342 | D:2      | Identified the +2 kite shield "Maggolom" {rPois rCorr}
  1876 | D:3      | Gained mutation: Your magical nature lets you fly swiftly
                  | and evasively. [Tengu growth]
  1876 | D:3      | Reached XP level 5. HP: 30/30 MP: 6/6
  1880 | D:3      | Reached skill level 7 in Bows
  2594 | D:4      | Reached XP level 6. HP: 35/35 MP: 7/7
  2597 | D:4      | Reached skill level 8 in Bows
  2658 | D:4      | Found a sand-covered staircase.
  2669 | Ossuary  | Entered an ossuary
  2678 | Ossuary  | HP: 3/35 [mummy (17)]
  3003 | Ossuary  | Reached XP level 7. HP: 36/40 MP: 8/8
  3021 | Ossuary  | Reached skill level 9 in Bows
  3529 | D:5      | Entered Level 5 of the Dungeon
  3593 | D:5      | Found a staircase to the Ecumenical Temple.
  3600 | Temple   | Entered the Ecumenical Temple
  3789 | Temple   | Became a worshipper of Fedhas Madash
  4079 | D:5      | Reached skill level 10 in Bows
  4326 | D:5      | Reached XP level 8. HP: 44/44 MP: 9/9
  4330 | D:5      | Noticed Grinder
  4371 | D:5      | Found a shimmering blue altar of Sif Muna.
  4522 | D:5      | You pick up a book of Necromancy and begin reading...
  4522 | D:5      | You add the spells Pain, Animate Skeleton and Vampiric
                  | Draining to your library.
  4544 | D:5      | Reached skill level 11 in Bows
  4702 | D:5      | You pick up a book of the Sky and begin reading...
  4702 | D:5      | You add the spells Summon Lightning Spire, Storm Form and
                  | Maxwell's Capacitive Coupling to your library.
  4854 | D:6      | Reached skill level 12 in Bows
  4906 | D:6      | Reached * piety under Fedhas
  5239 | D:6      | You pick up a book of Geomancy and begin reading...
  5239 | D:6      | You add the spells Sandblast, Passwall and Stone Arrow to
                  | your library.
  5414 | D:7      | Reached XP level 9. HP: 35/48 MP: 10/10
  5543 | D:7      | Reached skill level 13 in Bows
  5567 | D:7      | You pick up a book of Vapours and begin reading...
  5567 | D:7      | You add the spells Poisonous Vapours and Corpse Rot to your
                  | library.
  5585 | D:7      | Identified the +1 scale mail of Nemelex Xobeh's Anger {rN+}
  5679 | D:7      | Reached ** piety under Fedhas
  5855 | D:7      | Found a bloodstained altar of Trog.
  5855 | D:7      | Found a sparkling altar of Nemelex Xobeh.
  5856 | D:7      | Found an ancient bone altar of Kikubaaqudgha.
  6006 | D:7      | Found a white marble altar of Elyvilon.
  6199 | D:8      | Noticed a hornet
  6203 | D:8      | Killed a hornet
  6204 | D:8      | Reached skill level 14 in Bows
  6724 | D:8      | Noticed a gargoyle
  6732 | D:8      | Killed a gargoyle
  7063 | D:8      | Found a staircase to the Lair.
  7394 | D:8      | Reached skill level 15 in Bows
  7437 | D:9      | Found a hide-covered altar of Uskayaw.
  7555 | D:9      | Noticed a two-headed ogre
  7587 | D:9      | Killed a two-headed ogre
  7588 | D:9      | Reached XP level 10. HP: 53/53 MP: 11/11
  7987 | D:9      | Reached skill level 16 in Bows
  8105 | D:9      | Reached skill level 3 in Dodging
  8188 | D:9      | Reached skill level 3 in Fighting
  8536 | D:9      | Found a snail-covered altar of Cheibriados.
  8536 | D:9      | Found Cheibriados's Comfort Zone.
  8775 | Lair:1   | Entered Level 1 of the Lair of Beasts
  8848 | Lair:1   | Reached skill level 4 in Dodging
  8862 | Lair:1   | Reached skill level 4 in Fighting
  8999 | Lair:1   | Noticed a cane toad
  9001 | Lair:1   | Killed a cane toad
  9001 | Lair:1   | Reached *** piety under Fedhas
  9002 | Lair:1   | Reached skill level 5 in Dodging
  9192 | Lair:1   | Noticed a black mamba
  9193 | Lair:1   | Killed a black mamba
  9194 | Lair:1   | Reached skill level 5 in Fighting
  9448 | Lair:2   | Noticed a cane toad
  9450 | Lair:2   | Killed a cane toad
  9492 | Lair:2   | Reached skill level 6 in Dodging
  9495 | Lair:2   | Noticed Harold
  9536 | Lair:2   | Noticed a cane toad
  9543 | Lair:1   | Killed a cane toad
  9544 | Lair:1   | Reached XP level 11. HP: 43/64 MP: 12/12
  9688 | Lair:2   | Reached skill level 6 in Fighting
  9974 | Lair:2   | Killed Harold
  9975 | Lair:2   | Reached skill level 7 in Dodging
 10168 | Lair:2   | Reached skill level 7 in Fighting
 10301 | Lair:2   | Reached skill level 8 in Dodging
 10583 | Lair:2   | Noticed Gastronok
 10787 | Lair:2   | Reached skill level 8 in Fighting
 11013 | Lair:2   | Killed Gastronok
 11014 | Lair:2   | Reached skill level 3 in Invocations
 11435 | Lair:3   | Noticed a lindwurm
 11443 | Lair:3   | Killed a lindwurm
 11556 | Lair:3   | Reached skill level 4 in Invocations
 11600 | Lair:3   | Reached skill level 5 in Invocations
 11641 | Lair:3   | Reached skill level 6 in Invocations
 11641 | Lair:3   | Reached XP level 12. HP: 73/73 MP: 14/17
 11722 | Lair:3   | Found a staircase to the Shoals.
 11798 | Lair:3   | Reached skill level 7 in Invocations
 11961 | Lair:3   | Reached **** piety under Fedhas
 11973 | Lair:3   | Reached skill level 8 in Invocations
 12028 | Lair:3   | Found a hole to the Spider Nest.
 12470 | Lair:4   | Reached skill level 9 in Invocations
 12543 | Lair:4   | Noticed Urug
 12629 | Lair:4   | Noticed a six-headed hydra
 12634 | Lair:4   | Killed a six-headed hydra
 12717 | Lair:4   | Noticed a death yak
 12718 | Lair:4   | Noticed a death yak
 12718 | Lair:4   | Noticed a death yak
 12718 | Lair:4   | Noticed a death yak
 12723 | Lair:4   | Noticed a death yak
 12724 | Lair:4   | Noticed a death yak
 12739 | Lair:4   | Killed a death yak
 12772 | Lair:4   | Killed a death yak
 12773 | Lair:4   | Reached skill level 10 in Invocations
 12790 | Lair:4   | Killed a death yak
 12793 | Lair:4   | Killed a death yak
 12794 | Lair:4   | Reached skill level 9 in Fighting
 12812 | Lair:4   | Killed a death yak
 12818 | Lair:4   | Killed a death yak
 12979 | Lair:4   | Noticed a death yak
 12982 | Lair:4   | Killed a death yak
 12983 | Lair:4   | Reached skill level 10 in Fighting
 12983 | Lair:4   | Reached XP level 13. HP: 82/82 MP: 21/21
 13033 | Lair:4   | Reached skill level 11 in Fighting
 13242 | Lair:4   | You pick up a book of Spatial Translocations and begin
                  | reading...
 13242 | Lair:4   | You add the spells Blink, Lesser Beckoning and Manifold
                  | Assault to your library.
 13312 | Lair:4   | Killed Urug
 13810 | Lair:5   | Reached skill level 12 in Fighting
 14058 | Lair:5   | Reached ***** piety under Fedhas
 14206 | Lair:5   | Reached skill level 9 in Dodging
 14408 | Lair:5   | Reached skill level 10 in Dodging
 14969 | Lair:6   | Entered Level 6 of the Lair of Beasts
 15014 | Lair:6   | You pick up a book of Ice and begin reading...
 15014 | Lair:6   | You add the spells Freezing Cloud, Simulacrum and Polar
                  | Vortex to your library.
 15062 | Lair:6   | You pick up a book of Death and begin reading...
 15062 | Lair:6   | You add the spells Animate Dead, Haunt and Infestation to
                  | your library.
 15078 | Lair:6   | Reached skill level 11 in Dodging
 15514 | Lair:6   | Reached skill level 12 in Dodging
 15519 | Lair:6   | Reached XP level 14. HP: 92/92 MP: 22/22
 15867 | Lair:6   | Reached skill level 17 in Bows
 16762 | Lair:6   | Found a staircase to the Slime Pits.
 16862 | Lair:5   | Reached skill level 18 in Bows
 16987 | Lair:5   | Acquired the +1 pair of gloves of Kindness {rF+ Dex+4}
 18102 | D:10     | Entered Level 10 of the Dungeon
 18102 | D:10     | Noticed Amaemon
 18108 | D:10     | Killed Amaemon
 18217 | D:10     | Found Ojeaduwn's Magic Scroll Shoppe.
 18420 | D:10     | Identified the +0 robe "Raafrufa" {Will++ Regen+ Int-5}
 18460 | D:10     | Reached ****** piety under Fedhas
 18893 | D:11     | Found a gate leading to a gauntlet.
 18920 | Gauntlet | Entered a Gauntlet
 18920 | Gauntlet | Found a transporter.
 18928 | Gauntlet | Found a transporter.
 18932 | Gauntlet | Found a transporter.
 18941 | Gauntlet | Found a transporter.
 18945 | Gauntlet | Found a transporter.
 18949 | Gauntlet | Found a runed translucent door.
 18951 | Gauntlet | Found a runed translucent door.
 18953 | Gauntlet | Found a transporter.
 18957 | Gauntlet | Found a transporter.
 18965 | Gauntlet | Found a transporter.
 18970 | Gauntlet | Found a transporter.
 18978 | Gauntlet | Found a transporter.
 19017 | Gauntlet | Found a transporter.
 19029 | Gauntlet | Found a transporter.
 19042 | Gauntlet | Found a transporter.
 19055 | Gauntlet | Found a transporter.
 19261 | Gauntlet | Identified the ring "Fyici" {Will+ AC+4}
 19376 | D:11     | Found a staircase to the Orcish Mines.
 19514 | D:11     | Noticed Maurice
 19660 | D:11     | Killed Maurice
 19686 | D:11     | You pick up a book of Blasting and begin reading...
 19686 | D:11     | You add the spells Fulminant Prism, Iskenderun's Mystic
                  | Blast and Lee's Rapid Deconstruction to your library.
 20205 | Orc:1    | Entered Level 1 of the Orcish Mines
 20239 | Orc:1    | Reached skill level 19 in Bows
 20257 | Orc:1    | Found Qegoud's General Store.
 20269 | Orc:1    | Bought a scroll of blinking for 127 gold pieces
 20305 | Orc:1    | Found a runed translucent door.
 20306 | Orc:1    | Noticed kevlar127's ghost (journeyman TrBe)
 20444 | Orc:1    | Killed kevlar127's ghost
 20762 | Orc:1    | Noticed an orc warlord
 20817 | Orc:1    | Noticed Sonja
 20821 | Orc:1    | Killed Sonja
 20906 | Orc:1    | Killed an orc warlord
 20988 | Orc:1    | Reached XP level 15. HP: 96/96 MP: 23/23
 21535 | Orc:2    | Entered Level 2 of the Orcish Mines
 21546 | Orc:2    | Found Naddom's Distillery.
 21736 | Orc:2    | Noticed an orc warlord
 21737 | Orc:2    | Reached skill level 20 in Bows
 21800 | Orc:2    | Killed an orc warlord
 22081 | Orc:2    | Found Ybbifipt's Book Boutique.
 22294 | Orc:2    | Found Iciluv's Antique Armour Boutique.
 22295 | Orc:2    | Found Uweer's Weapon Emporium.
 22304 | Orc:2    | Found Iqeaniytu's Jewellery Emporium.
 22603 | Orc:2    | Found a staircase to the Elven Halls.
 22985 | Spider:1 | Entered Level 1 of the Spider Nest
 23332 | Spider:1 | Reached skill level 21 in Bows
 24863 | Spider:2 | Reached skill level 22 in Bows
 25752 | Spider:2 | Reached XP level 16. HP: 68/101 MP: 25/25
 25966 | Spider:2 | Reached skill level 11 in Invocations
 26954 | Spider:2 | HP: 24/101 [poisoned by a wolf spider]
 27720 | Spider:3 | HP: 19/101 [steelbarb worm (8)]
 27726 | Spider:3 | Reached skill level 12 in Invocations
 28269 | Spider:3 | Noticed Azrael
 28889 | Spider:3 | Killed Azrael
 28991 | Spider:3 | Reached skill level 13 in Invocations
 29261 | Spider:3 | You pick up a book of Minor Magic and begin reading...
 29261 | Spider:3 | You add the spells Magic Dart, Call Imp and Mephitic Cloud
                  | to your library.
 29338 | Spider:4 | Entered Level 4 of the Spider Nest
 29455 | Spider:4 | Noticed Louise
 29460 | Spider:4 | Killed Louise
 29530 | Spider:3 | HP: 17/96 [pharaoh ant (13)]
 30412 | Spider:3 | Reached skill level 14 in Invocations
 30891 | Spider:4 | s - a +2 eveningstar of holy wrath {macerare=g}
 31224 | Spider:4 | HP: 14/101 [spark wasp (16)]
 31886 | Spider:4 | HP: 10/89 [jorogumo (18)]
 31898 | Spider:4 | HP: 4/85 [jorogumo/bolt of negative energy (24)]
 32493 | Spider:4 | Reached XP level 17. HP: 87/97 MP: 24/29
 32547 | Spider:4 | HP: 9/97 [spore (23)]
 32553 | Spider:4 | Reached skill level 15 in Invocations
 32908 | Spider:4 | Reached skill level 1 in Evocations
 33074 | Spider:4 | Reached skill level 2 in Evocations
 33251 | Spider:4 | HP: 22/106 [spark wasp (12)]
 33260 | Spider:4 | Reached skill level 3 in Evocations
 33291 | Spider:4 | HP: 16/106 [spark wasp (12)]
 33292 | Spider:4 | HP: 6/106 [spark wasp (21)]
 33292 | Spider:4 | Mangled by a spark wasp

Vanquished Creatures
  Gastronok (Lair:2)
  An orc warlord (Orc:2)
  An emperor scorpion (Spider:3)
  A ghost moth (Spider:3)
  Louise (Spider:4)
  2 broodmothers (Spider:3)
  Azrael (Spider:3)
  A spark wasp (Spider:4)
  A minotaur (Gauntlet)
  7 entropy weavers
  The ghost of kevlar127 the Grappler, a journeyman TrBe of Trog (Orc:1)
  Harold (Lair:2)
  4 hydras
  2 boulder beetles (Lair:5)
  5 radroaches
  4 jorogumos
  A two-headed ogre (D:9)
  11 death yaks (Lair:4)
  5 orc high priests
  Urug (Lair:4)
  Sonja (Orc:1)
  Amaemon (D:10)
  5 pharaoh ants
  A sun moth (Spider:3)
  10 steelbarb worms
  8 orb spiders
  2 lindwurms
  16 wolf spiders
  6 orc sorcerers (Orc:2)
  A necromancer (Lair:5)
  6 orc knights
  2 ugly things (D:11)
  4 moths of wrath
  A cyclops (Orc:2)
  9 elephants
  Maurice (D:11)
  8 torpor snails
  An orange demon (D:10)
  6 black mambas
  3 gargoyles
  14 cane toads
  An unseen horror (D:11)
  3 rime drakes (Lair:6)
  7 demonic crawlers
  6 komodo dragons
  6 trolls
  3 polar bears (Lair:6)
  8 meliai
  18 tarantellas
  6 hornets
  11 blink frogs
  11 spriggans
  9 dream sheep (Lair:6)
  26 jumping spiders
  A wraith (D:11)
  41 yaks
  11 culicivoras
  A vampire (D:9)
  4 fire elementals
  3 wyverns
  3 basilisks
  58 redbacks
  4 wargs
  A steam dragon (Lair:2)
  An acid dragon (D:11)
  11 water moccasins
  4 hell hounds (Spider:3)
  13 black bears
  24 orc warriors
  2 ice beasts (D:6)
  A sky beast (D:8)
  2 elephant zombies (Lair:5)
  20 wolves (Lair:6)
  10 ogres
  4 boggarts (Lair:6)
  7 centaurs
  4 kobold brigands
  A phantom (D:7)
  2 komodo dragon zombies (Lair:5)
  A gnoll sergeant (D:7)
  14 bullfrogs
  3 necrophages
  A scorpion (D:5)
  4 wights (D:7)
  6 killer bees (D:9)
  4 electric eels (Lair:5)
  8 howler monkeys
  3 centaur zombies (Ossuary)
  A basilisk zombie (Lair:5)
  6 hounds
  A jelly (D:3)
  22 orc priests
  2 gnoll shamans
  Terence (D:2)
  3 iguanas
  17 orc wizards
  6 mummies
  12 gnolls
  7 adders
  2 shadow imps
  3 white imps (D:7)
  2 ufetubi
  2 worms
  4 dart slugs
  74 orcs
  6 endoplasms
  2 giant cockroaches (D:3)
  11 goblins
  5 hobgoblins
  7 jackals
  3 quokkas
  7 ball pythons
  6 bats
  6 hobgoblin zombies (Ossuary)
  28 kobolds
  10 rats
806 creatures vanquished.

Vanquished Creatures (collateral kills)
  An orc warlord (Orc:1)
  A death yak (Lair:4)
  2 elephants (Lair:3)
  A troll (Orc:1)
  A meliai (Spider:4)
  A tarantella (Spider:4)
  A culicivora zombie (Spider:4)
  5 dream sheep (Lair:6)
  A redback (Spider:4)
  An orc (Orc:1)
  33 ballistomycete spores
48 creatures vanquished.

Vanquished Creatures (others)
  A wolf spider (Spider:3)
  2 redbacks (Spider:3)
  3 ballistomycete spores
  35 fungi
  40 plants
81 creatures vanquished.

Grand Total: 935 creatures vanquished

Table legend:
 A = Non-vault XP
 B = Vault XP
 C = Vault XP percentage of total XP
 D = Non-vault monster count
 E = Vault monster count
 F = Vault count percentage of total count
                 A         B        C        D         E       F
            +---------+---------+-------+---------+---------+-------
      Total |  143244 |   44496 |  23.7 |     624 |     197 |  24.0
            +---------+---------+-------+---------+---------+-------
        D:1 |      35 |       0 |   0.0 |      18 |       0 |   0.0
        D:2 |      42 |      38 |  47.5 |      23 |       3 |  11.5
        D:3 |     174 |       0 |   0.0 |      24 |       0 |   0.0
        D:4 |     169 |      18 |   9.6 |      21 |       1 |   4.5
        D:5 |     708 |       0 |   0.0 |      26 |       0 |   0.0
        D:6 |     753 |       0 |   0.0 |      18 |       0 |   0.0
        D:7 |    1115 |       0 |   0.0 |      23 |       0 |   0.0
        D:8 |    1147 |       0 |   0.0 |       6 |       0 |   0.0
        D:9 |    2410 |       0 |   0.0 |      26 |       0 |   0.0
       D:10 |    2210 |    1205 |  35.3 |      31 |       2 |   6.1
       D:11 |    2729 |     718 |  20.8 |      12 |      18 |  60.0
     Lair:1 |    2086 |       0 |   0.0 |       7 |       0 |   0.0
     Lair:2 |    2842 |    3573 |  55.7 |      13 |      11 |  45.8
     Lair:3 |   12290 |    1027 |   7.7 |      36 |       4 |  10.0
     Lair:4 |   12665 |     979 |   7.2 |      21 |       3 |  12.5
     Lair:5 |    9592 |    2802 |  22.6 |      28 |      14 |  33.3
     Lair:6 |   12524 |    9594 |  43.4 |      46 |      51 |  52.6
   Spider:1 |    9785 |       0 |   0.0 |      25 |       0 |   0.0
   Spider:2 |   16929 |     196 |   1.1 |      43 |       1 |   2.3
   Spider:3 |   25595 |    3991 |  13.5 |      57 |      10 |  14.9
   Spider:4 |   18126 |    5662 |  23.8 |      50 |      14 |  21.9
      Orc:1 |    2749 |    5437 |  66.4 |      24 |      25 |  51.0
      Orc:2 |    6569 |    8049 |  55.1 |      46 |      25 |  35.2
    Ossuary |       0 |     240 | 100.0 |       0 |      14 | 100.0
   Gauntlet |       0 |     967 | 100.0 |       0 |       1 | 100.0
            +---------+---------+-------+---------+---------+-------

Illustrated notes

Table legend:
 A = Kills in this place as a percentage of kills in entire the game.
 B = Kills by you in this place as a percentage of kills by you in the entire game.
 C = Kills by friends in this place as a percentage of kills by friends in the entire game.
 D = Other kills in this place as a percentage of other kills in the entire game.
 E = Experience gained in this place as a percentage of experience gained in the entire game.
 F = Experience gained in this place divided by the number of levels of this place that you have seen.
                   A       B       C       D       E      F
               +-------+-------+-------+-------+-------+----------------------
         Total | 100.0 | 100.0 | 100.0 | 100.0 | 100.0 | 7220.8
       Dungeon |  30.7 |  31.3 |   0.0 |   0.0 |   7.2 | 1224.6
          Lair |  28.5 |  28.1 |  53.3 |   0.0 |  37.3 | 11662.3
   Spider Nest |  24.4 |  24.1 |  26.7 | 100.0 |  42.8 | 20071.0
  Orcish Mines |  14.6 |  14.6 |  20.0 |   0.0 |  12.1 | 11402.0
       Ossuary |   1.7 |   1.7 |   0.0 |   0.0 |   0.1 | 240.0
      Gauntlet |   0.1 |   0.1 |   0.0 |   0.0 |   0.5 | 967.0
               +-------+-------+-------+-------+-------+----------------------

Table legend: (Time is in decaauts)
 A = Elapsed time spent in this place.
 B = Non-inter-level travel time spent in this place.
 C = Inter-level travel time spent in this place.
 D = Time resting spent in this place.
 E = Time spent auto-exploring this place.
 F = Levels seen in this place.
 G = Mean time per level.
                   A        B        C        D        E       F      G
               +--------+--------+--------+--------+--------+-----+--------+
         Total |  31590 |  29784 |   1806 |  10282 |  11050 |  26 | 1215.0 |
       Dungeon |   9552 |   8904 |    648 |   1047 |   6206 |  11 |  868.4 |
        Temple |    182 |    154 |     28 |      0 |    139 |   1 |  182.0 |
          Lair |   9584 |   8831 |    753 |   2904 |   2907 |   6 | 1597.3 |
   Spider Nest |   9033 |   8710 |    323 |   5154 |   1020 |   4 | 2258.2 |
  Orcish Mines |   2420 |   2369 |     51 |    841 |    623 |   2 | 1210.0 |
       Ossuary |    408 |    408 |      0 |    285 |      0 |   1 |  408.0 |
      Gauntlet |    408 |    408 |      0 |     50 |    154 |   1 |  408.0 |
               +--------+--------+--------+--------+--------+-----+--------+

Top non-repeatable levels by time:
Spider:3: 4184 daAuts
Spider:2: 2390 daAuts
  Lair:6: 2376 daAuts
  Lair:5: 1759 daAuts
  Lair:3: 1711 daAuts
Spider:4: 1564 daAuts
  Lair:2: 1512 daAuts
     D:8: 1420 daAuts
   Orc:1: 1267 daAuts
     D:9: 1219 daAuts
   Orc:2: 1152 daAuts
  Lair:4: 1147 daAuts
  Lair:1: 1077 daAuts
    D:11: 963 daAuts
     D:1: 909 daAuts
